 Dungeon Crawl Stone Soup version 0.20.1-1-g8b1a95d (webtiles) character file.

590 Kingsmith the Nimble (level 7, -1/51 HPs)
             Began as a Felid Berserker on Dec 11, 2017.
             Was a Priest of Trog.
             Slain by an orc warrior
             ... wielding a +0 spear
              (25 damage)
             ... in a bailey.
             The game lasted 00:07:24 (3553 turns).

Kingsmith the Nimble (Felid Berserker)              Turns: 3553, Time: 00:07:25

Health: -1/51      AC:  2    Str: 18    XL:     7   Next: 16%
Magic:  8/8        EV: 24    Int:  8    God:    Trog [***...]
Gold:   192        SH:  0    Dex: 18    Spells: 6/6 levels left
                                        Lives:  0   Deaths: 2

rFire    . . .     SeeInvis +     - Unarmed
rCold    . . .     Gourm    .   (shield unavailable)
rNeg     . . .     Faith    .   (armour unavailable)
rPois    .         Spirit   .   (helmet unavailable)
rElec    .         Reflect  .   (cloak unavailable)
rCorr    .         Harm     +   (gloves unavailable)
MR       +++..                  (boots unavailable)
Stlth    ..........             l - amulet of harm
Regen    1.2/turn               (no ring)
MPRegen  0.2/turn               (no ring)

@: berserking, regenerating, very quick
A: no armour, no weapons or thrown items, stealth, claws 1, fangs 3, see
invisible, carnivore 3, speed 1, shaggy fur 2, slow metabolism 1, sharp paws
a: Berserk, Trog's Hand, Burn Spellbooks, Renounce Religion


You were in a bailey.
You worshipped Trog.
Trog was most pleased with you.
You were not hungry.

You visited 1 branch of the dungeon, and saw 5 of its levels.
You also visited: Bailey.

You collected 192 gold pieces.

Inventory:

Jewellery
 h - a cursed ring of positive energy {unknown}
 l - an amulet of harm (around neck)
 p - a cursed amulet of inaccuracy {unknown}
Scrolls
 b - a scroll of fear
 c - a scroll of fog {unknown}
 d - 2 scrolls of identify {unknown}
 f - 3 scrolls of blinking
 g - 3 scrolls of teleportation
 k - 2 scrolls of remove curse {unknown}
 m - a scroll of enchant weapon {unknown}
 r - a scroll of amnesia {unknown}
 s - a scroll of immolation {unknown}
Potions
 e - a potion of brilliance
 i - 4 potions of heal wounds
 j - a potion of haste {unknown}
 n - a potion of berserk rage {unknown}
 o - a potion of degeneration {unknown}
 q - 2 potions of curing {unknown}
 t - 3 potions of invisibility {unknown}
 u - 2 potions of agility {unknown}
 v - a potion of magic {unknown}
 x - a potion of flight {unknown}
 z - 2 potions of might {unknown}
 A - a potion of experience {unknown}
Comestibles
 a - 3 meat rations
 w - a royal jelly


   Skills:
 + Level 6.2 Fighting
 + Level 8.3 Dodging
 + Level 7.5 Stealth
 + Level 6.2 Unarmed Combat


You had 6 spell levels left.
You didn't know any spells.

Dungeon Overview and Level Annotations

Branches:
Dungeon (7/15)
 Temple: D:4-7

Altars:
Elyvilon
Hepliaklqana
Ru
Uskayaw
Vehumet
Yredelemnul

Annotations:
Bailey Statics's ghost, journeyman OpFi


Innate Abilities, Weirdness & Mutations

You cannot wear armour.
You are incapable of wielding weapons or throwing items.
Your paws allow you to move quietly. (Stealth)
You have sharp claws.
You have razor-sharp teeth.
You have supernaturally acute eyesight. (SInv)
You are carnivorous and can eat meat at any time.
You cover ground quickly.
You are covered in thick fur. (AC +2)
You have a slow metabolism.
Your sharp claws are effective at attacking unaware monsters.


Message History

The orc shouts!
You claw the orc!
You kill the orc!
Trog accepts your kill.
An orc warrior and an orc knight come into view.
The orc warrior shouts!
The orc knight shouts!
The orc misses you. The orc barely misses you.
The orc hits you from afar with a trident.
You see here a hand axe.
You scratch the orc warrior.
The orc warrior is lightly wounded.
The orc warrior hits you with a spear!!
Ouch! That really hurt!
You scratch the orc warrior. You bite the orc warrior.
The orc warrior is moderately wounded.
The orc completely misses you. The orc misses you.
The orc barely misses you. x2
You scratch the orc warrior. Your claw misses the orc warrior.
The orc warrior is heavily wounded.
The orc warrior hits you with a spear!!
You die...

#.....#
#o''''#
##.o.o.##
#.......#
#.oo.o..#
#..ooo..#
#...oo..#
#...@oo.#
##.....##
##'''##
#.....#
#.....#
#.....#
#.....#
#.....#
##+++##


You could see 2 orc knights, 2 orc warriors and 9 orcs.

Vanquished Creatures
  Joseph (D:7)
  Eustachio (D:4)
  The ghost of Lejonmanen the Conjurer, an amateur DrCj (D:3)
  2 centaurs (D:7)
  An ogre (D:7)
  A bullfrog (D:3)
  5 wights (D:7)
  A crimson imp (D:7)
  2 orc priests
  2 bullfrog skeletons (D:4)
  A centaur skeleton (D:3)
  An iguana (D:4)
  3 worker ants
  A hound skeleton (D:4)
  11 adders
  4 gnolls (D:3)
  An adder skeleton (D:4)
  2 worms
  2 leopard geckos
  14 orcs
  7 giant cockroaches
  7 goblins
  3 hobgoblins
  10 jackals
  3 kobolds
  A quokka (D:3)
  8 bats
  5 frilled lizards
  A giant cockroach zombie (D:3)
  3 rats
105 creatures vanquished.

Notes
Turn   | Place    | Note
-------+----------+-------------------------------------------
     0 | D:1      | Kingsmith the Felid Berserker began the quest for the Orb.
     0 | D:1      | Reached XP level 1. HP: 10/10 MP: 2/2
   276 | D:1      | Reached XP level 2. HP: 13/14 MP: 3/3
   333 | D:1      | Reached skill level 1 in Stealth
   741 | D:2      | Reached XP level 3. HP: 17/17 MP: 4/4
   763 | D:2      | Reached ** piety under Trog
   903 | D:2      | Found a white marble altar of Elyvilon.
  1509 | D:2      | Reached XP level 4. HP: 18/21 MP: 5/5
  1723 | D:3      | Reached skill level 5 in Dodging
  1858 | D:3      | Noticed Lejonmanen's ghost (amateur DrCj)
  1995 | D:3      | Killed Lejonmanen's ghost
  1995 | D:3      | Reached XP level 5. HP: 15/25 MP: 6/6
  2219 | D:3      | Gained mutation: You are covered in thick fur. (AC +2) [Felid growth]
  2219 | D:3      | Reached XP level 6. HP: 28/28 MP: 7/7
  2353 | D:3      | Found a hazy altar of Hepliaklqana.
  2491 | D:3      | Reached skill level 6 in Dodging
  2719 | D:4      | Found a hide-covered altar of Uskayaw.
  2743 | D:4      | Reached *** piety under Trog
  2926 | D:4      | Reached skill level 5 in Stealth
  2979 | D:4      | Noticed Eustachio
  2992 | D:4      | Killed Eustachio
  2992 | D:4      | Reached XP level 7. HP: 33/33 MP: 8/8
  3035 | D:4      | Found a radiant altar of Vehumet.
  3047 | D:4      | Reached skill level 5 in Fighting
  3047 | D:4      | Reached skill level 5 in Unarmed Combat
  3100 | D:4      | Found a sacrificial altar of Ru.
  3187 | D:4      | You fall through a shaft for 3 floors!
  3229 | D:7      | Reached skill level 7 in Dodging
  3233 | D:7      | Noticed Joseph
  3250 | D:7      | Shot with a sling bullet by Joseph
  3251 | D:7      | Reached XP level 6. HP: -6/45 MP: 7/7
  3280 | D:7      | Found a flagged portal.
  3343 | D:7      | Reached XP level 7. HP: 28/33 MP: 8/8
  3352 | D:7      | HP: 1/33 [wight/enchanted falchion (9)]
  3405 | D:7      | Found a basalt altar of Yredelemnul.
  3413 | D:7      | Killed Joseph
  3413 | D:7      | Reached skill level 8 in Dodging
  3416 | D:7      | Reached XP level 8. HP: 28/38 MP: 9/9
  3495 | Bailey   | Entered a bailey
  3495 | Bailey   | Noticed Statics's ghost (journeyman OpFi)
  3515 | Bailey   | Mangled by an orc
  3516 | Bailey   | Reached XP level 7. HP: -8/51 MP: 8/8
  3545 | Bailey   | Noticed an orc knight
  3550 | Bailey   | Noticed an orc knight
  3553 | Bailey   | Slain by an orc warrior

Skill      XL: |  1  2  3  4  5  6  7 |
---------------+----------------------+-----
Stealth        | 1 2 3 5 7 |  7.5
Dodging        | 5 6 8 |  8.3
Unarmed Combat | 4 6 |  6.2
Fighting       | 4 6 |  6.2

Action                   |  1- 3 |  4- 6 |  7- 9 || total
-------------------------+-------+-------+-------++-------
Melee: Unarmed           |    65 |   127 |    78 ||   270
       Bite              |     4 |     6 |     8 ||    18
       Punch             |       |     3 |       ||     3
Invok: Berserk           |     1 |     8 |     6 ||    15
       Trog's Hand       |       |     1 |     3 ||     4
  Use: Potion            |       |     3 |     1 ||     4
       Scroll            |       |     3 |       ||     3
 Stab: Sleeping          |     5 |     6 |     1 ||    12
       Distracted        |     1 |       |       ||     1
  Eat: Chunk             |     9 |     9 |     6 ||    24
Armor: Skin              |     7 |     9 |     1 ||    17
Dodge: Dodged            |    47 |   118 |    66 ||   231
